 Dungeon Crawl Stone Soup version 0.17-a0-1468-gbf503c2 (webtiles) character file.

56942 patman the Severer (level 14, -2/202 HPs)
             Began as a Minotaur Berserker on June 30, 2015.
             Was the Champion of Trog.
             Slain by an orc knight
             ... wielding a +0 battleaxe of electrocution
              (31 damage)
             ... on level 4 of the Orcish Mines on July 1, 2015.
             The game lasted 00:56:17 (11417 turns).

patman the Severer (Minotaur Berserker)            Turns: 11417, Time: 00:56:18

Health: -2/202     AC: 34    Str: 29    XL:     14   Next: 43%
Magic:  16/16      EV:  9    Int:  6    God:    Trog [******]
Gold:   1982       SH:  0    Dex: 14    Spells: 0 memorised, 13 levels left

rFire  + + +     SeeInvis .     a - +5 battleaxe (freeze)
rCold  . . .     Clarity  .     w - +6 plate armour of Activism {rElec rF+++ MR- rCorr}
rNeg   + . .     SustAt   .     (no shield)
rPois  +         Gourm    .     t - +1 hat
rElec  +         Spirit   .     (no cloak)
rCorr  +         Warding  +     e - +2 pair of gloves {Str+3}
rMut   .         Stasis   .     S - +1 pair of boots {rF+}
MR     ++...                    C - amulet of warding
Stlth  ..........               I - +4 ring of protection
                                l - ring of poison resistance

@: berserking, regenerating, very quick, very resistant to hostile enchantments,
extremely unstealthy
A: retaliatory headbutt, horns 2
a: Burn Spellbooks, Berserk, Trog's Hand, Brothers in Arms, Renounce Religion


You were on level 4 of the Orcish Mines.
You worshipped Trog.
Trog was exalted by your worship.
You were not hungry.

You visited 3 branches of the dungeon, and saw 24 of its levels.
You also visited: Sewer, Ice Cave and Volcano.

You collected 2540 gold pieces.
You spent 558 gold pieces at shops.

Inventory:

Hand weapons
 a - a +5 battleaxe of freezing (weapon)
 b - a +1 dire flail
 i - a +2 antimagic executioner's axe
 V - a +5 antimagic broad axe
Missiles
 H - 6 poisoned javelins (quivered)
Armour
 e - a +2 pair of gloves of strength (worn)
 t - a +1 hat (worn)
 w - the +6 plate armour of Activism (worn) {rElec rF+++ MR- rCorr}
   (You found it on level 2 of the Lair of Beasts)

   It renders you almost immune to fire.
   It insulates you from electricity.
   It affects your resistance to hostile enchantments.
   It protects you from acid and corrosion.
 S - a +1 pair of boots of fire resistance (worn)
Rods
 W - a +0 rod of clouds (11/11)
   (You bought it in a shop on level 9 of the Dungeon)
Jewellery
 l - a ring of poison resistance (left hand)
 m - an uncursed amulet of faith {unknown}
 s - an uncursed ring of flight
 C - an amulet of warding (around neck)
 I - a +4 ring of protection (right hand)
 J - an uncursed ring of positive energy
 L - an uncursed ring of protection from fire
 N - an uncursed ring of protection from cold
Magical devices
 u - a wand of draining (11)
 D - a wand of frost (21)
 F - a wand of lightning (4)
 K - a wand of draining (0)
 P - a wand of cold (6)
 Q - a wand of frost (19)
Scrolls
 j - 3 scrolls of teleportation
 n - a scroll of immolation {unknown}
 q - a scroll of blinking {unknown}
 x - a scroll of enchant weapon {unknown}
 y - 2 scrolls of remove curse
 z - 3 scrolls of recharging
 A - a scroll of fear {unknown}
 B - a scroll of summoning {unknown}
 T - a scroll of fog
Potions
 f - 2 potions of lignification
 g - a potion of ambrosia
 o - 2 potions of curing
 r - 2 potions of haste
 v - a potion of agility
 E - 4 potions of might
 G - a potion of brilliance
 R - a potion of berserk rage
 X - a potion of degeneration {unknown}
 Y - a potion of poison {unknown}
Books
 U - Ubaon's Guide on the Mountains
   (You found it on level 5 of the Lair of Beasts)

   Spells                             Type                      Level
   a - Sandblast                      Earth                        1
   b - Stoneskin                      Transmutation/Earth          2
   c - Lee's Rapid Deconstruction     Earth                        5
   d - Statue Form                    Transmutation/Earth          6
   Trog disapproves of the use of such an item.
Comestibles
 c - 8 bread rations
 d - 23 fruits
 k - 4 chunks of flesh


   Skills:
 - Level 15.4 Fighting
 - Level 18.2(18.3) Axes
 - Level 3.3(12.7) Maces & Flails
 - Level 15.2 Armour
 - Level 2.1 Dodging
 * Level 4.4 Evocations


You had 13 spell levels left.
You didn't know any spells.

Dungeon Overview and Level Annotations

Branches:
Dungeon (12/15)            Temple (0/1) D:6            Lair (8/8) D:10
  Swamp (0/4) Lair:5       Spider (0/4) Lair:6        Slime (0/6) Lair:7
    Orc (4/4) D:12            Elf (0/3) Orc:3

Altars:
Cheibriados
Dithmenos
Trog
Yredelemnul
Jiyva

Shops:
D:9 *


Innate Abilities, Weirdness & Mutations

You reflexively headbutt those who attack you in melee.
You have a pair of horns on your head.


Message History

The orc knight is heavily wounded.
You hit the orc knight but do no damage.
The orc knight is moderately wounded.
You slice the orc high priest!! You freeze the orc high priest!
The orc high priest is almost dead.
You slice the ogre!! You freeze the ogre!
You kill the ogre!
Trog accepts your kill.
You slice the orc knight!! You freeze the orc knight.
The orc knight is almost dead.
The red devil hits you from afar with a trident!
* * * LOW HITPOINT WARNING * * *
The orc high priest mumbles some strange prayers to Beogh.
The orc high priest is healed somewhat.
The orc knight hits you with a war axe.
* * * LOW HITPOINT WARNING * * *
The orc knight hits your stone giant with a war axe!!
The orc knight roars a battlecry!
The orc warrior goes into a battle-frenzy!
The orc knight hits you with a battleaxe of electrocution!!
You die...

..# .#### #...#
###.##########...#######
........#...............
........#..............o
........................
.....))...........o.....
....))).)......oooo5⌠...
....)))........o@ooo5...
###.))))..^.....Coo3o...
##))..#......ooo4..... .
#..).#.........5..... .
#.....######.o.####### #
#$...## #...# # ##....
#...# #...## ..... #.##


You could see an orc warlord, 3 orc knights, 2 orc high priests, a ynoxinul, 2
orc sorcerers, a red devil, 3 orc warriors, 5 orc priests, an orc (frenzied), 3
ufetubi and a friendly stone giant (berserk).

Vanquished Creatures
  Kirke (Lair:5)
  A fire dragon (Lair:8)
  An ice dragon (Lair:8)
  3 hydras
  A catoblepas (Lair:6)
  2 death yaks (Lair:4)
  An ice statue (IceCv)
  An orc knight (Orc:2)
  3 lindwurms (Lair:8)
  3 orc sorcerers
  2 ugly things
  An elephant (D:10)
  Joseph (D:7)
  3 molten gargoyles (Volcano)
  A centaur skeleton (D:11)
  2 gargoyles
  5 torpor snails (Lair:8)
  3 spiny frogs
  3 black mambas
  3 komodo dragons
  4 fire drakes
  A two-headed ogre (D:9)
  11 polar bears (IceCv)
  2 trolls
  Grinder (D:4)
  3 giant leeches (Lair:8)
  3 blink frogs (Lair:8)
  A wyvern (Lair:6)
  4 trapdoor spiders (Lair:6)
  3 basilisks (Lair:8)
  3 deep elf magi
  2 hungry ghosts
  The ghost of Rayvis the Chopper, an average MiFi (D:3)
  A fire bat (Volcano)
  3 hippogriffs
  17 wolves
  2 wargs (Orc:1)
  3 hogs (Lair:5)
  Grum (Lair:1)
  57 yaks
  4 steam dragons
  A mottled dragon (Lair:8)
  2 water moccasins
  Duvessa (D:7)
  11 orc warriors
  2 swamp drakes (Lair:8)
  6 porcupines
  2 eyes of draining (D:9)
  3 necrophages
  A centaur (D:7)
  8 ogres
  A phantom (D:11)
  8 crocodiles
  A sky beast (D:8)
  5 wasps
  2 big kobolds
  5 brain worms (Lair:8)
  An earth elemental (Volcano)
  9 giant frogs
  A scorpion (D:8)
  Dowan (D:7)
  9 wights
  3 killer bees (D:9)
  3 crimson imps
  A giant frog zombie (D:10)
  4 lava snakes (Volcano)
  2 centaur zombies
  3 hounds
  16 orc priests
  19 orc wizards
  10 iguanas
  4 worker ants
  A sheep (D:10)
  A hound zombie (D:6)
  A worker ant zombie (D:11)
  Robin (D:2)
  A gnoll (D:1)
  10 adders
  45 river rats
  A shadow imp (D:9)
  11 white imps (Lair:1)
  2 oozes
  2 adder skeletons
  2 adder zombies
  15 worms (Lair:8)
  6 giant geckos
  110 orcs
  4 ball pythons
  5 giant cockroaches
  18 goblins
  17 hobgoblins
  3 jackals (D:8)
  16 kobolds
  2 quokkas
  7 bats
  9 giant newts
  A quokka zombie (D:6)
  9 rats
  2 fire vortices (Volcano)
  4 fungi
  7 plants
626 creatures vanquished.

Vanquished Creatures (collateral kills)
  A frost giant (IceCv)
  An orc high priest (Orc:4)
  An orc sorcerer (Orc:4)
  A polar bear (IceCv)
  4 orc warriors (Orc:4)
  6 orc priests (Orc:4)
14 creatures vanquished.

Vanquished Creatures (others)
  6 polar bears (IceCv)
  3 yaks (IceCv)
  A wolf (IceCv)
  A worker ant (D:10)
  A white imp (Lair:1)
  9 fungi
  17 plants (Lair:8)
38 creatures vanquished.

Grand Total: 678 creatures vanquished

Notes
Turn   | Place    | Note
--------------------------------------------------------------
     0 | D:1      | patman the Minotaur Berserker began the quest for the Orb.
     0 | D:1      | Reached XP level 1. HP: 19/19 MP: 0/0
    90 | D:1      | Reached skill level 4 in Axes
    91 | D:1      | Reached XP level 2. HP: 26/26 MP: 1/1
   252 | D:2      | Reached skill level 5 in Axes
   252 | D:2      | Reached XP level 3. HP: 31/31 MP: 2/2
   345 | D:2      | Acquired Trog's second power
   346 | D:2      | Noticed Robin
   353 | D:2      | Killed Robin
   367 | D:2      | Reached XP level 4. HP: 30/39 MP: 3/3
   449 | D:2      | Reached skill level 6 in Axes
   453 | D:2      | Found a basalt altar of Yredelemnul.
   825 | D:3      | Found a snail-covered altar of Cheibriados.
  1228 | D:3      | Noticed Rayvis's ghost (average MiFi)
  1239 | D:3      | Killed Rayvis's ghost
  1239 | D:3      | Reached skill level 7 in Axes
  1239 | D:3      | Reached XP level 5. HP: 45/45 MP: 4/4
  1292 | D:4      | Noticed Grinder
  1296 | D:4      | Paralysed by Grinder for 6 turns
  1308 | D:4      | Reached skill level 8 in Axes
  1311 | D:4      | Killed Grinder
  1311 | D:4      | Reached skill level 9 in Axes
  1311 | D:4      | Reached XP level 6. HP: 39/51 MP: 5/5
  1351 | D:5      | Entered Level 5 of the Dungeon
  1414 | D:4      | Reached XP level 7. HP: 26/57 MP: 6/6
  1543 | D:6      | Reached skill level 10 in Axes
  1587 | D:6      | Found a staircase to the Ecumenical Temple.
  1664 | D:6      | Found a glowing drain.
  1688 | Sewer    | Entered a sewer
  1858 | Sewer    | Reached skill level 11 in Axes
  1913 | Sewer    | Upgraded the game from 0.17-a0-1450-g7e755d1 to 0.17-a0-1468-gbf503c2
  1945 | D:7      | Noticed Duvessa
  1945 | D:7      | Noticed Dowan
  1948 | D:7      | Killed Dowan
  1948 | D:7      | Acquired Trog's third power
  1956 | D:7      | Killed Duvessa
  1956 | D:7      | Reached XP level 8. HP: 64/64 MP: 7/7
  2010 | D:7      | Reached skill level 12 in Axes
  2076 | D:7      | Noticed Joseph
  2091 | D:7      | Killed Joseph
  2091 | D:7      | Reached skill level 5 in Fighting
  2200 | D:7      | Reached skill level 5 in Armour
  2414 | D:8      | Noticed an eight-headed hydra
  2510 | D:8      | Reached XP level 9. HP: 64/78 MP: 8/8
  2710 | D:9      | Got an ichor-stained buckler
  2716 | D:9      | Identified the +3 buckler of Vixuudd {rN+ Regen+ SInv} (You found it on level 9 of the Dungeon)
  3037 | D:9      | Found Esill's Assorted Antiques.
  3182 | D:9      | Found a shadowy altar of Dithmenos.
  3403 | D:10     | Entered Level 10 of the Dungeon
  3403 | D:10     | Noticed an elephant
  3422 | D:10     | Killed an elephant
  3427 | D:10     | Reached XP level 10. HP: 91/91 MP: 9/9
  3430 | D:10     | Found a staircase to the Lair.
  3470 | Lair:1   | Entered Level 1 of the Lair of Beasts
  3470 | Lair:1   | Noticed a black mamba
  3482 | Lair:1   | Killed a black mamba
  3482 | Lair:1   | Reached skill level 10 in Fighting
  3546 | Lair:1   | Reached skill level 10 in Armour
  3551 | Lair:1   | Found a frozen archway.
  3604 | IceCv    | Entered an ice cave
  3889 | IceCv    | Noticed an ice statue
  4268 | IceCv    | Killed an ice statue
  4318 | IceCv    | Reached skill level 1 in Maces & Flails
  4497 | IceCv    | Reached XP level 11. HP: 102/102 MP: 10/10
  4507 | IceCv    | Reached skill level 13 in Axes
  4650 | IceCv    | Received a gift from Trog
  4754 | IceCv    | Reached skill level 14 in Axes
  5256 | IceCv    | Noticed a frost giant
  5264 | IceCv    | Killed a frost giant
  5264 | IceCv    | Reached skill level 15 in Axes
  5343 | Lair:1   | Reached skill level 17 in Axes
  5343 | Lair:1   | Reached XP level 12. HP: 104/110 MP: 11/11
  5395 | Lair:1   | Noticed Grum
  5397 | Lair:1   | Killed Grum
  5647 | Lair:1   | Noticed a four-headed hydra
  5656 | Lair:1   | Killed a four-headed hydra
  5800 | Lair:1   | Reached skill level 18 in Axes
  5831 | Lair:2   | Got a bloodstained plate armour
  5845 | Lair:2   | Identified the +6 plate armour of Activism {rElec rF+++ MR- rCorr} (You found it on level 2 of the Lair of Beasts)
  5891 | Lair:3   | Noticed a seven-headed hydra
  5908 | Lair:3   | Killed a seven-headed hydra
  6282 | Lair:3   | Found a dark tunnel.
  6292 | Volcano  | Entered a volcano
  6483 | Volcano  | Found a burning altar of Makhleb.
  6494 | Volcano  | Reached XP level 13. HP: 83/118 MP: 12/12
  6827 | Lair:4   | Received a gift from Trog
  6893 | Lair:5   | Noticed Kirke
  6906 | Lair:5   | Killed Kirke
  6981 | Lair:5   | Found a staircase to the Swamp.
  7000 | Lair:5   | Identified Ubaon's Guide on the Mountains
  7279 | Lair:8   | Entered Level 8 of the Lair of Beasts
  7337 | Lair:8   | Found a runed door.
  7482 | Lair:8   | Received a gift from Trog
  7583 | Lair:8   | Paralysed by a wasp for 3 turns
  7894 | Lair:8   | Received a gift from Trog
  8250 | Lair:8   | Reached XP level 14. HP: 122/133 MP: 13/13
  8373 | Lair:7   | Found a staircase to the Slime Pits.
  8373 | Lair:7   | Found a viscous altar of Jiyva.
  8554 | Lair:6   | Reached skill level 15 in Fighting
  8612 | Lair:6   | Found a hole to the Spider Nest.
  8812 | D:9      | Bought a crooked runed rod for 372 gold pieces
  8812 | D:9      | Identified a +0 rod of clouds (11/11) (You bought it in a shop on level 9 of the Dungeon)
  8814 | D:9      | Bought a scroll of identify for 62 gold pieces
  8814 | D:9      | Bought an iron wand for 124 gold pieces
  8945 | D:10     | Noticed a five-headed hydra
  8972 | D:10     | Killed a five-headed hydra
  9196 | D:11     | Reached skill level 15 in Armour
  9341 | D:11     | Received a gift from Trog
  9585 | D:12     | Found a staircase to the Orcish Mines.
  9620 | Orc:1    | Entered Level 1 of the Orcish Mines
  9648 | Orc:1    | Reached skill level 1 in Evocations
 10416 | Orc:3    | Received a gift from Trog
 10547 | Orc:3    | Paralysed by an orc sorcerer for 4 turns
 10564 | Orc:3    | Found a staircase to the Elven Halls.
 10712 | Orc:3    | Received a gift from Trog
 10907 | Orc:2    | Found a bloodstained altar of Trog.
 11188 | Orc:4    | Entered Level 4 of the Orcish Mines
 11403 | Orc:4    | Noticed an orc warlord
 11417 | Orc:4    | Slain by an orc knight

Vault maps used:
D:1:      grunt_arrival_crossed_arrows
D:2:      wad_crossroads, lemuel_crystal_altar, nicolae_overflow_hidden_temple,
          uniq_robin
D:3:      lemuel_doored_altar
D:4:      grunt_temple_overflow_lords_of_destruction, first_bread,
          serial_co_window_serial, co_window_paths_a, co_window_corner_a,
          co_window_corner_a, co_window_paths_b, co_window_corner_a,
          co_window_of_opportunity_a, co_window_unsneaky_path_e,
          co_window_unsneaky_path_d, co_window_unsneaky_path_c,
          co_window_corner_b, co_window_unsneaky_path_c, co_window_sun,
          glass_columns_c, glass_columns_b, glass_columns_a, glass_columns_a,
          glass_columns_c, dk_vineyard_2, uniq_grinder
D:6:      okawaru_ov_weapons_minmay, temple_doors_e, portal_sewer_entry_d
D:7:      serial_shops, nicolae_shop_stone, serial_co_window_serial,
          co_window_corner_a, co_window_corner_a, co_window_corner_a,
          co_window_paths_a, co_window_paths_b, co_window_cross_3,
          co_window_corner_cb, co_window_cross_2, glass_columns_a,
          glass_columns_a, glass_columns_c, glass_columns_a, the_bakery,
          uniq_joseph, uniq_duvessa
D:8:      serial_shops, shop, hangedman_decor_points
D:9:      serial_shops, shop, grunt_dithmenos_shadows
D:10:     david_lair_generic, nicolae_benzene_ring, serial_bayou_pond_d
D:11:     uniq_maud
D:12:     orc_0_dummy, uniq_fannar
Lair:1:   portal_ice_cave_entry_imps, grunt_forest_small_clearings, uniq_grum
Lair:2:   patterned_corridor, bh_autumn_forest_stairs
Lair:3:   lightli_volcano_entry_magma_tube
Lair:4:   beast_lair_carwin_large_4, basic_altar, lemuel_old_faithful,
          infiniplex_staircase_pool
Lair:5:   swamp_mist, st_stairs_10, uniq_kirke, uniq_rupert
Lair:6:   spider_nest_entry_webs
Lair:7:   slime_altar_1, nicolae_quartered_pool_super, uniq_josephine
Lair:8:   wormcave, guppyfry_lair_end_dragon
Orc:2:    basic_altar
Orc:3:    nicolae_orc_pool_cavern
Orc:4:    st_orc_congregation
Sewer:    sewer_frog_island_01
IceCv:    ice_cave_caverns_02
Volcano:  volcano_lake

Action                   |  1- 3 |  4- 6 |  7- 9 | 10-12 | 13-15 || total
-------------------------+-------+-------+-------+-------+-------++-------
Melee: Hand axe          |    56 |    71 |   363 |   401 |       ||   891
       Battleaxe         |       |       |       |    77 |   610 ||   687
       Dire flail        |       |       |       |    14 |     8 ||    22
Throw: Tomahawk          |       |       |     3 |     8 |       ||    11
Invok: Berserk           |       |     3 |     4 |     1 |     2 ||    10
       Trog's Hand       |       |     1 |       |     1 |     3 ||     5
       Burn Spellbooks   |       |       |       |     1 |       ||     1
       Brothers in Arms  |       |       |       |     2 |     2 ||     4
Evoke: Wand              |       |       |       |     7 |       ||     7
  Use: Scroll            |       |       |     5 |     4 |    10 ||    19
       Potion            |       |       |       |     1 |     3 ||     4
 Stab: Distracted        |       |       |       |       |     1 ||     1
  Eat: Chunk             |       |     4 |     3 |     8 |     8 ||    23
       Beef jerky        |       |       |     2 |       |       ||     2
       Meat ration       |       |       |     1 |     1 |     2 ||     4
       Royal jelly       |       |       |       |     1 |       ||     1
